 Dungeon Crawl Stone Soup version 0.21.0-3-g78d12a8 (webtiles) character file.

38767 Faca the Bludgeoner (level 14, -13/94 HPs)
             Began as a Gargoyle Fighter on Jan 17, 2018.
             Was a High Priest of Ashenzari.
             Killed from afar by an efreet (27 damage)
             ... with a bolt of fire
             ... in a volcano.
             The game lasted 00:53:26 (19724 turns).

Faca the Bludgeoner (Gargoyle Fighter)             Turns: 19724, Time: 00:53:27

Health: -13/94     AC: 32    Str: 21    XL:     14   Next: 3%
Magic:  14/14      EV:  7    Int:  9    God:    Ashenzari [*****.]
Gold:   1294       SH: 17    Dex: 16    Spells: 13/13 levels left

rFire    . . .     SeeInvis +   u - +0 flail (protect)
rCold    + . .     Gourm    .   c - +0 shield
rNeg     + . .     Faith    .   v - +0 chain mail (curse)
rPois    ∞         Spirit   .   (no helmet)
rElec    +         Reflect  +   m - +0 cloak
rCorr    +         Harm     .   (no gloves)
MR       +....     Clarity  +   L - +0 pair of boots
Stlth    ..........             i - +5 amulet of reflection (curse)
HPRegen  0.25/turn              o - ring of resist corrosion
MPRegen  0.14/turn              p - ring of Neurosis {rC+ Str-2 Dex+5} (curse)

@: protection aura
A: big wings, negative energy resistance 1, electricity resistance, unbreathing,
petrification resistance, rot immunity, AC +10
a: Fly, Curse Item, Scrying, Transfer Knowledge, Renounce Religion


You were in a volcano.
You worshipped Ashenzari.
Ashenzari was extremely pleased with you.
You were not hungry.

You visited 2 branches of the dungeon, and saw 18 of its levels.
You also visited: Ossuary, Bailey and Volcano.

You collected 1294 gold pieces.

Inventory:

Hand Weapons
 u - a +0 flail of protection (weapon)
 w - a +0 morningstar of crushing
Armour
 c - a +0 shield (worn)
 m - a +0 cloak (worn)
 v - a cursed +0 chain mail (worn)
 y - a cursed +0 plate armour
 L - a +0 pair of boots (worn)
Jewellery
 i - a cursed +5 amulet of reflection (around neck)
 o - a ring of resist corrosion (left hand)
 p - the cursed ring of Neurosis (right hand) {rC+ Str-2 Dex+5}
   (You found it on level 4 of the Dungeon)

   [ring of strength]

   It affects your strength (-2).
   It affects your dexterity (+5).
   It protects you from cold.
   It has a curse placed upon it.
Wands
 A - a wand of iceblast (43)
 D - a wand of flame (29)
 K - a wand of random effects (28)
 M - a wand of disintegration (14)
Scrolls
 b - 2 scrolls of vulnerability {unknown}
 d - 7 scrolls of enchant weapon
 g - a scroll of fog {unknown}
 h - 2 scrolls of blinking
 k - 3 scrolls of fear
 l - 8 scrolls of teleportation
 n - 3 scrolls of noise {unknown}
 r - 5 scrolls of remove curse
 t - 3 scrolls of enchant armour
 E - 2 scrolls of random uselessness {unknown}
 F - 3 scrolls of silence
 G - a scroll of torment {unknown}
 I - a scroll of immolation {unknown}
Potions
 a - a potion of might
 j - a potion of brilliance
 q - 3 potions of mutation
 s - a potion of agility
 x - 4 potions of curing
 z - a potion of cancellation
 B - a potion of lignification
 C - 3 potions of haste
 H - 2 potions of invisibility
 J - 4 potions of berserk rage
Comestibles
 f - 17 rations


   Skills:
 + Level 13.1 Fighting
 * Level 16.0 Maces & Flails
 + Level 10.2 Armour
 + Level 10.2 Shields


You had 13 spell levels left.
You didn't know any spells.

Dungeon Overview and Level Annotations

Branches:
Dungeon (12/15)            Temple (0/1) D:7            Lair (6/6) D:9
 Shoals (0/4) Lair:3        Snake (0/4) Lair:3        Slime (0/5) Lair:5
    Orc (0/2) D:12

Altars:
Ashenzari
Dithmenos
Elyvilon
Fedhas
Sif Muna
Trog
Xom

Shops:
D:9 (


Innate Abilities, Weirdness & Mutations

You are resistant to torment.
Your stone body is resilient. (AC +10)
You are immune to poison.
Your large and strong wings let you fly indefinitely.
You resist negative energy. (rN+)
You are resistant to electric shocks. (rElec)
You can survive without breathing.
You are immune to petrification.
You are immune to rotting.


Message History

The efreet is heavily wounded.
The efreet gestures at you.
The fireball explodes!
The fireball engulfs you!
The fireball engulfs the efreet.
The efreet completely resists.
You hit the efreet.
The efreet is severely wounded.
The efreet gestures at you. The bolt of fire hits you!
* * * LOW HITPOINT WARNING * * *
You sock the efreet!
The efreet is almost dead.
You hit the efreet but do no damage.
The efreet is almost dead.
The efreet gestures at you. The bolt of fire misses you.
You hit the efreet but do no damage.
The efreet is almost dead.
The efreet gestures at you. The bolt of fire hits you!
You die...

#≈≈≈≈* * ≈ #§≈≈§≈## **
##≈≈≈≈.. * ,≈ ≈
#≈§§≈§§., *, §≈
##§§§§§.* ∆ ∆§§
#§§§§∩.. ∆ R$
#§≈≈≈..## *,{.≈
#§§≈≈...# {.#
##≈≈≈≈@## ### **.#
#§≈≈≈R####### #.####§.
##≈≈##.##...###..##§..
###*##.....R§§§§§§.§.
##* ##.#.§§..≈≈§≈≈....
##§*
#.....§§§§§§≈≈≈≈§.
#≈≈#
#.....≈§§§≈≈§≈≈≈§.
##≈§§##
##....≈§§≈≈§§§≈§≈≈
#§§≈≈§##
#....§≈≈§≈§≈§≈≈≈≈§


You could see an efreet.

Vanquished Creatures
  Fannar (D:12)
  2 hydras
  4 two-headed ogres
  A catoblepas (Lair:2)
  2 unseen horrors
  The ghost of queenofzan the Skirmisher, a novice MiBe of Trog (D:7)
  3 orc knights (Bailey)
  Pikel (D:8)
  The ghost of wotkd0121004 the Sneak, a novice OpFE of Ashenzari (D:6)
  3 black mambas
  Joseph (D:8)
  9 spiny frogs
  A rime drake (Lair:6)
  A kobold demonologist (D:12)
  6 komodo dragons
  A troll (D:12)
  3 hornets (Lair:4)
  Prince Ribbit (D:5)
  Grinder (D:3)
  3 blink frogs (Lair:5)
  2 slime creatures (D:12)
  8 hippogriffs
  3 wyverns
  12 spriggans (Lair:4)
  29 yaks
  3 hungry ghosts
  A steam dragon (D:12)
  2 basilisks
  2 nagas (Lair:3)
  Edmund (D:5)
  8 water moccasins
  A hell hound (Lair:6)
  A soldier ant (D:11)
  6 porcupines
  Duvessa (D:7)
  16 orc warriors
  A sky beast (D:9)
  2 slaves (D:8)
  An ice beast (D:8)
  2 black bears (D:9)
  2 phantoms (D:4)
  10 wolves
  3 boggarts (Lair:4)
  7 ogres
  7 crocodiles
  11 centaurs
  5 big kobolds
  An elf zombie (Ossuary)
  20 bullfrogs
  A wyvern zombie (D:7)
  An earth elemental (Volcano)
  Dowan (D:7)
  A water moccasin zombie (D:8)
  2 wyvern skeletons
  3 scorpions
  3 jellies
  22 killer bees
  2 howler monkeys (D:7)
  8 wights
  An electric eel (D:9)
  5 crimson imps
  2 centaur zombies
  A quasit (D:12)
  2 bullfrog skeletons
  3 centaur skeletons
  7 hounds
  4 orc priests
  Crazy Yiuf (D:3)
  6 orc wizards
  A gnoll shaman (D:5)
  4 iguanas
  6 hell rats (Lair:3)
  6 worker ants
  A killer bee zombie (D:8)
  3 big kobold zombies (Ossuary)
  2 mummies (Ossuary)
  A howler monkey zombie (D:9)
  A worker ant zombie (D:7)
  10 gnolls
  10 adders
  3 shadow imps
  An ooze (D:6)
  2 adder skeletons
  3 worms
  5 dart slugs
  4 leopard geckos
  66 orcs
  4 bats
  4 giant cockroaches
  2 gnoll zombies (Ossuary)
  7 goblins
  2 hobgoblins
  21 jackals
  7 quokkas
  A ball python (D:3)
  A frilled lizard (D:3)
  3 goblin zombies (Ossuary)
  3 hobgoblin zombies (Ossuary)
  A jackal zombie (D:8)
  31 kobolds
  An orc zombie (Ossuary)
  A quokka zombie (D:5)
  2 rats
510 creatures vanquished.

Vanquished Creatures (others)
  3 centaurs
  An orc wizard (D:8)
  An orc (D:8)
  A kobold (D:9)
  5 fungi
  4 plants
15 creatures vanquished.

Grand Total: 525 creatures vanquished

Notes
Turn   | Place    | Note
-------+----------+-------------------------------------------
     0 | D:1      | Faca the Gargoyle Fighter began the quest for the Orb.
     0 | D:1      | Reached XP level 1. HP: 14/14 MP: 1/1
   235 | D:1      | Reached XP level 2. HP: 19/19 MP: 2/2
   558 | D:1      | Reached skill level 3 in Maces & Flails
   597 | D:1      | Reached XP level 3. HP: 24/24 MP: 3/3
  1040 | D:2      | Reached XP level 4. HP: 26/29 MP: 4/4
  1166 | D:2      | Reached skill level 4 in Maces & Flails
  1416 | D:3      | Noticed Grinder
  1448 | D:3      | Reached XP level 5. HP: 34/34 MP: 5/5
  2029 | D:3      | Killed Grinder
  2029 | D:3      | Reached skill level 5 in Fighting
  2029 | D:3      | Reached skill level 5 in Maces & Flails
  2029 | D:3      | Reached XP level 6. HP: 23/40 MP: 6/6
  2390 | D:3      | Found a runed door.
  2666 | D:3      | Found a faded altar of an unknown god.
  2670 | D:3      | Became a worshipper of Ashenzari the Shackled
  2670 | D:3      | Reached * piety under Ashenzari
  2745 | D:3      | Noticed Crazy Yiuf
  2756 | D:3      | Killed Crazy Yiuf
  2913 | D:4      | Noticed a phantom
  2936 | D:4      | Found a sand-covered staircase.
  2938 | D:4      | Killed a phantom
  2938 | D:4      | Reached skill level 6 in Maces & Flails
  2938 | D:4      | Reached XP level 7. HP: 36/44 MP: 7/7
  2943 | Ossuary  | Entered an ossuary
  3309 | D:4      | Reached skill level 7 in Maces & Flails
  3381 | D:4      | Identified the cursed ring of Neurosis {rC+ Str-2 Dex+5}
  3713 | D:4      | Reached XP level 8. HP: 52/52 MP: 8/8
  3992 | D:4      | Found a deep blue altar of Sif Muna.
  3994 | D:4      | Found a bloodstained altar of Trog.
  4137 | D:5      | Entered Level 5 of the Dungeon
  4161 | D:5      | Identified the ring "Jeownoh" {Fire SInv}
  4233 | D:5      | Found a white marble altar of Elyvilon.
  4327 | D:5      | Noticed Prince Ribbit
  4452 | D:5      | Reached skill level 8 in Maces & Flails
  4631 | D:5      | Reached ** piety under Ashenzari
  4988 | D:5      | Killed Prince Ribbit
  4988 | D:5      | Reached skill level 9 in Maces & Flails
  5333 | D:5      | Noticed Edmund
  5363 | D:5      | Killed Edmund
  5363 | D:5      | Reached XP level 9. HP: 55/59 MP: 9/9
  5514 | D:6      | Noticed wotkd0121004's ghost (novice OpFE)
  5526 | D:6      | Killed wotkd0121004's ghost
  5526 | D:6      | Reached skill level 10 in Maces & Flails
  6042 | D:6      | Found a blossoming altar of Fedhas.
  6271 | D:7      | Noticed Duvessa
  6271 | D:7      | Noticed Dowan
  6273 | D:7      | Noticed queenofzan's ghost (novice MiBe)
  6282 | D:7      | Killed Duvessa
  6327 | D:7      | Killed queenofzan's ghost
  6327 | D:7      | Reached skill level 11 in Maces & Flails
  6334 | D:7      | Reached XP level 10. HP: 36/66 MP: 10/10
  6336 | D:7      | Killed Dowan
  7125 | D:7      | Found a staircase to the Ecumenical Temple.
  7572 | D:8      | Identified the +2 robe "Toept" {Str+3}
  7731 | D:8      | Noticed Joseph
  7741 | D:8      | Noticed a two-headed ogre
  7750 | D:8      | Noticed a two-headed ogre
  7871 | D:8      | Reached *** piety under Ashenzari
  7961 | D:8      | Noticed a two-headed ogre
  7974 | D:8      | Killed a two-headed ogre
  7974 | D:8      | Reached skill level 10 in Fighting
  7974 | D:8      | Reached skill level 12 in Maces & Flails
  7998 | D:8      | Noticed Pikel
  8015 | D:8      | Killed Pikel
  8138 | D:8      | Killed a two-headed ogre
  8138 | D:8      | Reached skill level 5 in Armour
  8138 | D:8      | Reached skill level 5 in Shields
  8138 | D:8      | Reached XP level 11. HP: 65/73 MP: 11/11
  8196 | D:8      | Killed a two-headed ogre
  8208 | D:8      | Killed Joseph
  8716 | D:9      | Found a staircase to the Lair.
  9117 | D:9      | Reached skill level 13 in Maces & Flails
  9178 | D:9      | Found a shimmering altar of Xom.
  9182 | D:9      | Found a shimmering altar of Xom.
  9182 | D:9      | Found a shimmering altar of Xom.
  9183 | D:9      | Found a shimmering altar of Xom.
  9184 | D:9      | Found a shimmering altar of Xom.
  9231 | D:9      | Found a shimmering altar of Xom.
  9231 | D:9      | Found a shimmering altar of Xom.
  9535 | D:9      | Found Wepsib's Antique Weapon Shop.
  9787 | D:10     | Entered Level 10 of the Dungeon
 10217 | D:10     | Noticed a two-headed ogre
 10239 | D:10     | Killed a two-headed ogre
 10413 | D:10     | Noticed an unseen horror
 10426 | D:10     | Killed an unseen horror
 10820 | D:11     | Found a flagged portal.
 10898 | Bailey   | Entered a bailey
 11073 | Bailey   | Reached XP level 12. HP: 45/80 MP: 12/12
 12274 | D:11     | Reached skill level 14 in Maces & Flails
 12348 | D:11     | Reached **** piety under Ashenzari
 12509 | D:12     | Noticed Fannar
 12546 | D:12     | Killed Fannar
 13111 | D:12     | Found a staircase to the Orcish Mines.
 13533 | Lair:1   | Entered Level 1 of the Lair of Beasts
 14316 | Lair:2   | Noticed a catoblepas
 14334 | Lair:2   | Killed a catoblepas
 14334 | Lair:2   | Reached XP level 13. HP: 62/86 MP: 13/13
 15123 | Lair:3   | Reached skill level 15 in Maces & Flails
 15541 | Lair:3   | Reached ***** piety under Ashenzari
 15551 | Lair:3   | Found a staircase to the Shoals.
 16143 | Lair:3   | Found a staircase to the Snake Pit.
 16436 | Lair:3   | Found a shadowy altar of Dithmenos.
 18609 | Lair:5   | Found a staircase to the Slime Pits.
 18705 | Lair:5   | Reached skill level 10 in Shields
 18711 | Lair:5   | Reached skill level 10 in Armour
 19153 | Lair:6   | Entered Level 6 of the Lair of Beasts
 19340 | Lair:6   | Found a dark tunnel.
 19354 | Lair:6   | Gained mutation: Your large and strong wings let you fly indefinitely. [Gargoyle growth]
 19354 | Lair:6   | Reached XP level 14. HP: 65/94 MP: 14/14
 19447 | Lair:6   | Reached skill level 16 in Maces & Flails
 19496 | Volcano  | Entered a volcano
 19724 | Volcano  | Killed from afar by an efreet

Skill      XL: |  1  2  3  4  5  6  7  8  9 10 11 12 13 14 |
---------------+-------------------------------------------+-----
Maces & Flails | 3 4 5 6 7 9 11 12 13 14 15 16 | 16.0
Fighting       | 4 5 6 7 9 10 11 12 13 | 13.1
Armour         | 5 7 8 10 | 10.2
Shields        | 5 7 8 10 | 10.2

Action                   |  1- 3 |  4- 6 |  7- 9 | 10-12 | 13-15 || total
-------------------------+-------+-------+-------+-------+-------++-------
Melee: Flail             |    68 |   155 |   559 |  1480 |   846 ||  3108
Invok: Curse Item        |       |       |     1 |       |       ||     1
  Use: Potion            |       |     1 |       |     7 |       ||     8
       Scroll            |       |       |     9 |     7 |     5 ||    21
  Eat: Chunk             |       |     4 |     2 |     8 |     2 ||    16
       Ration            |       |     1 |     3 |     7 |     5 ||    16
Armor: Scale mail        |    22 |    38 |   225 |    12 |       ||   297
       Chain mail        |       |       |       |   657 |   393 ||  1050
Dodge: Dodged            |    19 |    35 |   117 |   248 |   142 ||   561
Block: Shield            |    46 |    95 |   450 |  1106 |   633 ||  2330
       Reflection        |       |     6 |    11 |    34 |     8 ||    59
